 Dungeon Sprint DCSS version 0.17-a0-1939-ga475588 (webtiles) character file.

72 ololoev the Firebug (level 4, -4/24 HPs)
             Began as a Deep Elf Fire Elementalist on Sept 29, 2015.
             Slain by a brain worm (5 damage)
             ... in the Dungeon (Sprint II: "The Violet Keep of Menkaure").
             The game lasted 00:00:43 (38 turns).

ololoev the Firebug (Deep Elf Fire Elementalist)      Turns: 38, Time: 00:00:43

Health: -4/24      AC:  2    Str:  5      XL:     4   Next: 6%
Magic:  2/13       EV: 13    Int: 13 (21) God:
Gold:   0          SH:  0    Dex: 15      Spells: 1 memorised, 13 levels left

rFire  . . .     SeeInvis .     (no weapon)
rCold  . . .     Clarity  .     a - +0 robe
rNeg   . . .     SustAt   .     (no shield)
rPois  .         Gourm    .     (no helmet)
rElec  .         Spirit   .     (no cloak)
rCorr  .         Warding  .     (no gloves)
rMut   .         NoTele   +     (no boots)
MR     .....                    (no amulet)
Stlth  +.........               (no ring)
                                (no ring)

@: very slightly contaminated, not resistant to hostile enchantments, very
unstealthy
A: no striking features
a: no special abilities

Inventory:

Armour
 a - a +0 robe (worn)
Scrolls
 i - a scroll of blinking
Potions
 d - a potion of curing
 e - a potion of heal wounds
 f - a potion of haste
 g - 2 potions of magic
 h - a potion of berserk rage
Books
 b - a book of Flames

   Spells                             Type                      Level
   a - Flame Tongue                   Conjuration/Fire             1
   b - Throw Flame                    Conjuration/Fire             2
   c - Conjure Flame                  Conjuration/Fire             3
   d - Inner Flame                    Hexes/Fire                   3
   e - Sticky Flame                   Conjuration/Fire             4
   f - Fireball                       Conjuration/Fire             5
Comestibles
 c - a bread ration


   Skills:
 - Level 2.4 Dodging
 - Level 2.4 Stealth
 + Level 5.5 Spellcasting
 * Level 5.4 Conjurations
 * Level 6.4 Fire Magic


You had 13 spell levels left.
You knew the following spells:

 Your Spells              Type           Power        Failure   Level  Hunger
a - Flame Tongue          Conj/Fire      ###..        1%          1    None
 You were in the Dungeon. You were not hungry. You visited 1 branch #######≈≈≈. ...∩.∩#≈≈≈ ..∩.∩.#≈≈≈ .∩.∩..#≈≈ ∩.∩...#≈≈### # .∩....#≈##.###+# .## ∩.∩...#≈#.#.##.##.B.# .∩.∩..'@ww##w.<.+# ..∩.∩.#≈#..###.##$B.# ▓▓▓▓###≈##w# #+# .## F######≈≈ ##             #            F           ##≈  +#

Notes
Turn   | Place    | Note
--------------------------------------------------------------
     0 | D        | ololoev the Deep Elf Fire Elementalist began the quest for the Orb.
     0 | D        | Reached XP level 1. HP: 10/10 MP: 6/6
     1 | D        | Noticed a brain worm
    10 | D        | Noticed a brain worm
    22 | D        | Killed a brain worm
    22 | D        | Reached skill level 5 in Spellcasting
    22 | D        | Reached skill level 5 in Conjurations
    22 | D        | Reached skill level 6 in Fire Magic
    22 | D        | Reached XP level 2. HP: 4/15 MP: 0/10
    22 | D        | Reached XP level 3. HP: 5/19 MP: 0/12
    22 | D        | Reached XP level 4. HP: 6/24 MP: 0/13
    25 | D        | Noticed a boulder beetle
    25 | D        | Noticed a boulder beetle
    30 | D        | HP: 1/24 [brain worm (3)]
    34 | D        | Noticed a brain worm
    34 | D        | Noticed a brain worm
    35 | D        | Found Lycwujej's Book Emporium.
    36 | D        | Found Witto's Antique Armour Shoppe.
    36 | D        | Found Meydotun's Antique Armour Emporium.
    36 | D        | Found Ehashroni's Magic Scroll Shoppe.
    36 | D        | Found Bothecs's Gadget Shoppe.
    36 | D        | Found Muxzyth's Antique Weapon Shoppe.
    36 | D        | Found Cujusugo's Antique Weapon Emporium.
    36 | D        | Found Ifok Qaze's Distillery.
    36 | D        | Found Ysucituo's Gadget Emporium.
    36 | D        | Found Gator's Antique Armour Shoppe.
    36 | D        | Found Acofaopp's Jewellery Emporium.
    37 | D        | Found Nima's Distillery.
    37 | D        | Found Dosipras's Food Emporium.
    37 | D        | Noticed a spiny frog
    38 | D        | Found Ixkiy's Jewellery Shoppe.
    38 | D        | Found Efyzxa's Jewellery Emporium.
    38 | D        | Slain by a brain worm

Dungeon Overview and Level Annotations

Branches:
Dungeon (1/1)

Altars:

Shops:
D %!(?=}}[[=(=!:[


Message History

You feel clever.
You have reached level 4!
You feel clever.
You feel your intelligence returning.
The brain worm's bulging head throbs.
Something tries to feed on your intellect!
There's something blocking the doorway.
You open the door. 2 boulder beetles come into view.
The brain worm's bulging head throbs.
You feel dopey. Something feeds on your intellect!
Found 243 gold pieces.
As you close the door, it creaks loudly!
The brain worm's bulging head throbs.
Something tries to feed on your intellect!
The brain worm bites you.
The brain worm's bulging head throbs.
Something tries to feed on your intellect!
The brain worm bites you.
There is an open door here.
You see here a brain worm corpse.
The brain worm's bulging head throbs.
Something tries to feed on your intellect!
Found 243 gold pieces. 2 brain worms come into view.
You open the door.
Found Lycwujej's Book Emporium.
The brain worm closely misses you.
Found ten shops.
There is an open door here.
You enter the shallow water.
Moving in this stuff is going to be slow.
The brain worm's bulging head throbs.
Something tries to feed on your intellect!
Found Nima's Distillery and Dosipras's Food Emporium.
You open the door.
The spiny frog croaks.
The brain worm bites you.
You die...

You could see 2 spiny frogs and 3 brain worms.

Vanquished Creatures
  A brain worm (D)
1 creature vanquished.

Action                   |  1- 3 |  4- 6 || total
-------------------------+-------+-------++-------
Melee: Unarmed           |    13 |       ||    13
 Cast: Flame Tongue      |     4 |     1 ||     5

Vault maps used:
D:        the_violet_keep_of_menkaure
